 Dungeon Crawl Stone Soup version 0.30-a0-358-g0d69a1922f (webtiles) character file.

Game seed: 9089554004417207766

310 snetch the Chopper (level 6, -3/55 HPs)
             Began as a Minotaur Berserker on Nov 8, 2022.
             Was a Believer of Trog.
             Slain by a gnoll
             ... wielding a +0 spear
              (7 damage)
             ... on level 4 of the Dungeon.
             The game lasted 00:06:13 (1734 turns).

snetch the Chopper (Minotaur Berserker)             Turns: 1734, Time: 00:06:15

Health: -3/55      AC:  5    Str: 23    XL:     6   Next: 17%
Magic:  5/5        EV:  9    Int:  4    God:    Trog [**....]
Gold:   158        SH:  7    Dex: 10    Spells: 5/5 levels left

rFire   . . .      SeeInvis .    s - +0 morningstar
rCold   . . .      Faith    .    k - +0 kite shield
rNeg    . . .      Spirit   .    o - +0 ring mail
rPois   .          Reflect  .    (helmet restricted)
rElec   .          Harm     .    (no cloak)
rCorr   .          Rampage  .    (no gloves)
Will    +....                    (no boots)
Stlth   ..........               n - amulet of regeneration
HPRegen 1.09/turn                j - ring of willpower
MPRegen 0.09/turn                (no ring)

@: on berserk cooldown, slowed, very slow
A: horns 2, retaliatory headbutt
a: Renounce Religion, Berserk, Trog's Hand


You were on level 4 of the Dungeon.
You worshipped Trog.
Trog was pleased with you.
You visited 1 branch of the dungeon, and saw 4 of its levels.

You collected 158 gold pieces.

Inventory:

Hand Weapons
 a - a +0 hand axe
 s - a +0 morningstar (weapon)
Missiles
 f - 26 stones (quivered)
 u - 7 poisoned darts
Armour
 c - a +0 chain mail
 k - a +0 kite shield (worn)
 o - a +0 ring mail (worn)
 z - a +0 plate armour
 A - a +0 scale mail
Jewellery
 j - a ring of willpower (left hand)
 n - an amulet of regeneration (around neck)
Scrolls
 d - 2 scrolls of vulnerability {unknown}
 e - 4 scrolls of identify {unknown}
 h - a scroll of enchant armour {unknown}
 m - a scroll of summoning {unknown}
 p - a scroll of butterflies {unknown}
 q - a scroll of blinking {unknown}
 r - 2 scrolls of teleportation {unknown}
 v - a scroll of fear {unknown}
 w - a scroll of immolation
 y - a scroll of torment {unknown}
Potions
 b - 2 potions of curing {unknown}
 g - 2 potions of mutation {unknown}
 i - a potion of resistance {unknown}
 l - a potion of lignification {unknown}
 t - 2 potions of brilliance {unknown}
 x - a potion of haste {unknown}


   Skills:
 + Level 4.9 Fighting
 + Level 5.3(5.7) Axes
 + Level 3.1(4.6) Maces & Flails
 + Level 4.1 Armour
 + Level 2.7 Dodging
 + Level 0.1 Stealth
 + Level 1.5 Shields


You had 5 spell levels left.
You didn't know any spells.
Your spell library was empty.

Dungeon Overview and Level Annotations

Branches:
Dungeon (4/15)
 Temple: D:4-7

Altars:
Okawaru


Innate Abilities, Weirdness & Mutations

You have a pair of horns on your head.
You reflexively headbutt those who attack you in melee.


Message History

You barely miss the adder. Your headbutt misses the adder.
The adder is lightly wounded.
The adder bites you but does no damage.
The gnoll hits you from afar with a +0 spear.
The gnoll barely misses you.
The endoplasm hits you but does no damage.
You block the goblin's attack.
You impale the goblin!!
You kill the goblin!
Trog accepts your kill.
You are no longer berserk.
You are exhausted.
You feel yourself slow down. The adder bites you but does no damage.
The gnoll barely misses you. The gnoll completely misses you.
You block the endoplasm's attack.
You closely miss the adder.
The adder is lightly wounded.
The adder barely misses you. You furiously retaliate!
You headbutt the adder! You block the adder's attack.
You block the gnoll's attack. x2
The endoplasm jiggles.
The endoplasm completely misses you. The adder bites you.
The gnoll hits you from afar with a +0 spear!
The gnoll hits you from afar with a +0 spear.
The endoplasm freezes you.
You are frozen.
* * * LOW HITPOINT WARNING * * *
You closely miss the adder.
The adder is almost dead.
The adder completely misses you. The gnoll barely misses you.
The gnoll hits you from afar with a +0 spear.
* * * LOW HITPOINT WARNING * * *
The adder bites you but does no damage. The endoplasm freezes you.
You are frozen.
* * * LOW HITPOINT WARNING * * *
The endoplasm freezes you.
You are frozen.
* * * LOW HITPOINT WARNING * * *
The gnoll hits you from afar with a +0 spear!
You die...

###..###.###........
..#........#.†......
#..........#........
##.........<........
....................
#.................
..##.................
..........).#........
##...#@.####.....^..
###gS)J# #....<...
...g..... .......##
#............?.......
..........###......#.
...[......# .......
...........
......[...##


You could see 2 gnolls, an adder and an endoplasm.

Vanquished Creatures
  A phantom (D:3)
  A necrophage (D:4)
  A jelly (D:4)
  An orc priest (D:3)
  An iguana (D:4)
  2 gnolls (D:4)
  2 adders (D:2)
  A worm (D:2)
  4 orcs (D:3)
  5 endoplasms
  5 giant cockroaches
  3 goblins
  3 hobgoblins
  2 jackals (D:1)
  3 kobolds
  3 quokkas
  6 ball pythons (D:1)
  5 bats
  3 rats
52 creatures vanquished.

Notes
Turn   | Place    | Note
-------+----------+-------------------------------------------
     0 | D:1      | snetch the Minotaur Berserker began the quest for the Orb.
     0 | D:1      | Reached XP level 1. HP: 19/19 MP: 0/0
   105 | D:1      | Reached XP level 2. HP: 24/27 MP: 1/1
   130 | D:1      | Reached skill level 4 in Axes
   748 | D:2      | Reached ** piety under Trog
   783 | D:3      | Reached XP level 3. HP: 13/33 MP: 2/2
   847 | D:3      | Noticed a phantom
   855 | D:3      | Killed a phantom
   856 | D:3      | Reached skill level 5 in Axes
   856 | D:3      | Reached XP level 4. HP: 40/41 MP: 3/3
   884 | D:2      | Found a faded altar of an unknown god.
   900 | D:2      | Reached XP level 5. HP: 47/47 MP: 4/4
  1020 | D:3      | Reached skill level 1 in Maces & Flails
  1156 | D:3      | Found an iron altar of Okawaru.
  1415 | D:2      | Reached skill level 1 in Shields
  1725 | D:4      | Reached XP level 6. HP: 55/55 MP: 5/5
  1734 | D:4      | Slain by a gnoll

Illustrated notes

Levels and vault maps discovered:
D:1:      tarquinn_simple_flora_water_b, layout_basic
D:2:      layout_basic, hellmonk_ecumenical_altar_blasted, nicolae_titane
D:3:      layout_loops_ring, okawaru_gym_becter, minmay_misc_feat_cross,
          minmay_misc_feat_square
D:4:      gammafunk_cloud_chamber, layout_rooms,
          mainiacjoe_overflow_six_doors_small, trog_ov_bears_minmay

Skill      XL: |  1  2  3  4  5  6 |
---------------+-------------------+-----
Axes           | 4 5 |  5.3
Fighting       | 4 |  4.9
Armour         | 3 4 |  4.1
Maces & Flails | 2 3 |  3.1
Shields        | 1 |  1.5
Dodging        | |  2.7
Stealth        | |  0.1

Action                   |  1- 3 |  4- 6 || total
-------------------------+-------+-------++-------
Melee: Hand axe          |    59 |       ||    59
       Headbutt          |    12 |     5 ||    17
       Morningstar       |     9 |    52 ||    61
Throw: Stone             |     1 |       ||     1
Invok: Berserk           |     1 |     1 ||     2
Armor: Chain mail        |    29 |       ||    29
       Ring mail         |     7 |    31 ||    38
Dodge: Dodged            |    27 |    40 ||    67
Block: Kite shield       |    13 |    27 ||    40

Table legend: (Time is in decaauts)
 A = Elapsed time spent in this place.
 B = Non-inter-level travel time spent in this place.
 C = Inter-level travel time spent in this place.
 D = Time resting spent in this place.
 E = Time spent auto-exploring this place.
 F = Levels seen in this place.
 G = Mean time per level.
                   A        B        C        D        E       F      G
               +--------+--------+--------+--------+--------+-----+--------+
         Total |   1784 |   1654 |    130 |     15 |   1085 |   4 |  446.0 |
       Dungeon |   1784 |   1654 |    130 |     15 |   1085 |   4 |  446.0 |
               +--------+--------+--------+--------+--------+-----+--------+

Top non-repeatable levels by time:
     D:2: 781 daAuts
     D:1: 733 daAuts
     D:3: 225 daAuts
     D:4: 43 daAuts
